 Dungeon Sprint DCSS version 0.29.1-2-gbd0b4ee654 (webtiles) character file.

Game seed: 2578007556905418532

280 Groucho the Chopper (level 6, -3/62 HPs)
             Began as a Naga Fighter on Nov 4, 2022.
             Was an Initiate of Cheibriados.
             Slain by a vampire (9 damage)
             ... in the Dungeon (Sprint IX: "|||||||||||||||||||||||||||||").
             The game lasted 00:01:53 (1030 turns).

Groucho the Chopper (Naga Fighter)                  Turns: 1030, Time: 00:01:54

Health: -3/62      AC:  8    Str: 19    XL:     6   Next: 27%
Magic:  7/8        EV: 11    Int:  9    God:    Cheibriados [......]
Gold:   0          SH:  6    Dex: 17    Spells: 5/5 levels left

rFire   . . .      SeeInvis +   n - +1 broad axe (freeze)
rCold   . . .      Faith    .   c - +0 buckler
rNeg    . . .      Spirit   .   e - +1 scale mail
rPois   +          Reflect  .   (no helmet)
rElec   .          Harm     .   (no cloak)
rCorr   .          Rampage  .   a - +0 pair of gloves
Will    .....      NoTele   +   (no barding)
Stlth   ..........              (no amulet)
HPRegen 0.20/turn               b - +3 ring of dexterity
MPRegen 0.11/turn               p - +2 ring of evasion

@: mighty, invisible (expiring), very slow
A: AC +2, large, see invisible, deformed body, poison resistance, slowness 2,
spit poison 1, naga tail 1
a: Spit Poison, Renounce Religion


You were in the Dungeon.
You worshipped Cheibriados.
Cheibriados was noncommittal.
You visited 1 branch

Inventory:

Hand Weapons
 n - a +1 broad axe of freezing (weapon)
 o - a +2 vorpal morningstar
Armour
 a - a +0 pair of gloves (worn)
 c - a +0 buckler (worn)
 e - a +1 scale mail (worn)
Jewellery
 b - a +3 ring of dexterity (left hand)
 p - a +2 ring of evasion (right hand)
Wands
 m - a wand of acid (10)
Scrolls
 j - 2 scrolls of blinking
 l - 2 scrolls of amnesia
Potions
 g - a potion of haste
 h - 4 potions of magic
 k - 2 potions of curing


   Skills:
 - Level 5.6 Fighting
 + Level 5.9 Axes
 + Level 5.2 Armour
 + Level 4.4 Dodging
 + Level 5.8 Shields
 + Level 2.8 Invocations


You had 5 spell levels left.
You didn't know any spells.
Your spell library was empty.

Dungeon Overview and Level Annotations

Branches:
Dungeon (1/1)

Altars:
Cheibriados
Dithmenos
Elyvilon
Fedhas
Gozag
Hepliaklqana
Kikubaaqudgha
Makhleb
Nemelex Xobeh
Okawaru
Qazlal
Ru
Sif Muna
Trog
Uskayaw
Vehumet
Wu Jian
Xom
Yredelemnul
Zin
The Shining One
Jiyva
Lugonu


Innate Abilities, Weirdness & Mutations

Your serpentine skin is tough. (AC +2)
You have supernaturally acute eyesight. (SInv)
Armour fits poorly on your strangely shaped body.
Your system is resistant to poisons. (rPois)
You cover ground very slowly.
You can spit poison.
You have a snake-like lower body.


Message History

The vampire hits you. The vampire bites you.
* * * LOW HITPOINT WARNING * * *
The vampire draws strength from your injuries!
Unknown command.
You feel better.
The hornet buzzes angrily.
The vampire hits you. The vampire bites you.
The vampire draws strength from your injuries!
You closely miss the vampire.
The hornet buzzes angrily.
You block the vampire's attack. The vampire bites you!
* * * LOW HITPOINT WARNING * * *
The vampire draws strength from your injuries!
Unknown command.
You slash the vampire! You freeze the vampire.
The vampire is moderately damaged.
The vampire closely misses you. The vampire bites you.
* * * LOW HITPOINT WARNING * * *
The vampire draws strength from your injuries!
The vampire barely misses you. You block the vampire's attack.
Unknown command.
Unknown command.
You slice the vampire!! You freeze the vampire.
The vampire is almost destroyed.
You flicker for a moment.
The hornet buzzes angrily.
You block the vampire's attack. The vampire bites you!
* * * LOW HITPOINT WARNING * * *
The vampire draws strength from your injuries!
Unknown command.
Unknown command.
You feel better.
The hornet buzzes angrily.
The vampire completely misses you. The vampire bites you!
* * * LOW HITPOINT WARNING * * *
The vampire draws strength from your injuries!
You hit the vampire but do no damage.
The vampire is severely damaged.
The vampire hits you!
You die... ▓▓▓▓▓▓▓▓▓▓▓▓▓▓▓▓▓▓▓▓▓▓▓▓ +..oTyV@..[.[.)..'______ ▓▓▓▓▓▓▓▓▓▓▓▓▓▓▓▓▓▓▓▓▓▓▓▓

You could see a troll (unable to see you), a hornet (wandering, unable to see you), a vampire (invisible) and an orc wizard (invisible, unable to see you).

Vanquished Creatures
  A scorpion (D)
  2 wights (D)
  3 jellies (D)
  An iguana (D)
  2 ball pythons (D)
  A goblin (D)
  A hobgoblin (D)
  A frilled lizard (D)
12 creatures vanquished.

Notes
Turn   | Place    | Note
-------+----------+-------------------------------------------
     0 | D        | Groucho the Naga Fighter began the quest for the Orb.
     0 | D        | Reached XP level 1. HP: 21/21 MP: 1/1
    17 | D        | Reached skill level 1 in Dodging
   442 | D        | Noticed a scorpion
   442 | D        | Noticed a jelly
   442 | D        | Noticed a jelly
   442 | D        | Noticed a jelly
   442 | D        | Noticed an iguana
   450 | D        | Killed an iguana
   451 | D        | Reached XP level 2. HP: 26/30 MP: 2/2
   451 | D        | Reached XP level 3. HP: 32/36 MP: 3/3
   453 | D        | Reached XP level 4. HP: 35/45 MP: 4/4
   457 | D        | Reached skill level 5 in Fighting
   457 | D        | Reached XP level 5. HP: 36/52 MP: 5/5
   462 | D        | Reached skill level 5 in Axes
   462 | D        | Reached skill level 5 in Shields
   939 | D        | Found a snail-covered altar of Cheibriados.
   939 | D        | Found a shadowy altar of Dithmenos.
   939 | D        | Found a white marble altar of Elyvilon.
   939 | D        | Found a blossoming altar of Fedhas.
   939 | D        | Found an opulent altar of Gozag.
   940 | D        | Found a hazy altar of Hepliaklqana.
   941 | D        | Found a viscous altar of Jiyva.
   942 | D        | Found an ancient bone altar of Kikubaaqudgha.
   943 | D        | Became a worshipper of Cheibriados the Contemplative
   944 | D        | Found a corrupted altar of Lugonu.
   945 | D        | Found a burning altar of Makhleb.
   946 | D        | Found a sparkling altar of Nemelex Xobeh.
   947 | D        | Found an iron altar of Okawaru.
   948 | D        | Found a stormy altar of Qazlal.
   949 | D        | Found a sacrificial altar of Ru.
   950 | D        | Found a shimmering blue altar of Sif Muna.
   951 | D        | Found a bloodstained altar of Trog.
   952 | D        | Found a hide-covered altar of Uskayaw.
   953 | D        | Found a radiant altar of Vehumet.
   954 | D        | Found an ornate altar of the Wu Jian Council.
   955 | D        | Found a shimmering altar of Xom.
   956 | D        | Found a basalt altar of Yredelemnul.
   957 | D        | Found a glowing silver altar of Zin.
   958 | D        | Found a glowing golden altar of the Shining One.
  1007 | D        | Noticed a troll
  1007 | D        | Noticed a hornet
  1007 | D        | Noticed a vampire
  1012 | D        | Reached skill level 5 in Armour
  1012 | D        | Reached XP level 6. HP: 43/62 MP: 5/7
  1028 | D        | HP: 2/62 [vampire (7)]
  1030 | D        | Slain by a vampire

Illustrated notes

Levels and vault maps discovered:
D:        linesprint [early_d, line_temple, items_1, d_10, items_2, lair_1,
          lair_end, items_3, orc_1, orc_end, items_4, d_15, swamp_1, shoals_1,
          snake_1, spider_1, d_20, vaults_1, items_5, swamp_end, shoals_end,
          snake_end, spider_end, vaults_end, d_27, items_6, zot_1, zot_end,
          crypt_end, forest_end, elf_end, slime_end, tomb_end, abyss_end,
          pan_hell_end]

Skill      XL: |  1  2  3  4  5 |
---------------+----------------+-----
Shields        | 3 4 5 |  5.8
Dodging        | 1 2 3 4 |  4.4
Fighting       | 4 5 |  5.6
Axes           | 3 4 5 |  5.9
Armour         | 3 4 5 |  5.2
Invocations    | 2 |  2.8

Action                   |  1- 3 |  4- 6 || total
-------------------------+-------+-------++-------
Melee: War axe           |    20 |     8 ||    28
       Broad axe         |       |    17 ||    17
  Use: Potion            |     3 |     6 ||     9
 Stab: Invisible         |       |     1 ||     1
Armor: Scale mail        |     4 |     5 ||     9
Dodge: Dodged            |     8 |    12 ||    20
Block: Buckler           |     3 |    12 ||    15
